 Dungeon Crawl Stone Soup version 0.31-a0-233-g139696dc86 (webtiles) character file.

Game seed: 4452592859835964320

14 Demosthentine the Poker (level 2, 11/22 HPs)
             Began as a Demonspawn Gladiator on July 8, 2023.
             Got out of the dungeon alive.
             The game lasted 00:00:20 (70 turns).

Demosthentine the Poker (Demonspawn Gladiator)        Turns: 70, Time: 00:00:20

Health: 11/22      AC:  4    Str: 14    XL:     2   Next: 31%
Magic:  2/2        EV: 12    Int:  9    God:
Gold:   0          SH:  0    Dex: 14    Spells: 1/1 levels left

rFire   . . .        a - +0 trident
rCold   . . .        (no shield)
rNeg    . . .        b - +0 leather armour
rPois   .            c - +0 helmet
rElec   .            (no cloak)
rCorr   .            (no gloves)
SInv    .            (no boots)
Will    .....        (no amulet)
Stlth   +            (no ring)
HPRegen 0.23/turn    (no ring)
MPRegen 0.08/turn

%: no passive effects
@: no status effects
A: claws 1
a: no special abilities


You escaped.
You visited 1 branch of the dungeon, and saw 1 of its levels.

Inventory:

Hand Weapons
 a - a +0 trident (weapon)
Missiles
 d - a throwing net (quivered)
 e - a javelin
Armour
 b - a +0 leather armour (worn)
 c - a +0 helmet (worn)


   Skills:
 + Level 2.2 Fighting
 + Level 2.9 Polearms
 - Level 1.7 Throwing
 + Level 0.7 Armour
 + Level 2.9 Dodging


You had one spell level left.
You didn't know any spells.
Your spell library was empty.

Dungeon Overview and Level Annotations

Branches:
Dungeon (1/15)

Altars:


Innate Abilities, Weirdness & Mutations

You have sharp fingernails.


Message History

Press: ? - help, Dir - move target, f/p - gnoll
Aim: a gnoll, wielding a +0 vampiric spear (almost dead, entangled in a net, about 7% to evade your +0 trident)
You reach to attack!
You puncture the gnoll!
You kill the gnoll!
The kobold throws a stone.
The stone hits you but does no damage.
You have reached level 2!
Your demonic ancestry asserts itself...
Your fingernails lengthen.
Unknown command.
The kobold throws a stone.
The stone hits you but does no damage.
Things that are here:
a +0 dagger; a bat corpse The kobold barely misses you.
Things that are here:
a +0 vampiric spear; a gnoll corpse You hit the kobold.
The kobold is moderately wounded.
The kobold hits you with a +0 club.
You closely miss the kobold.
The kobold is moderately wounded.
The kobold barely misses you. x2
You hit the kobold but do no damage.
The kobold is moderately wounded.
The kobold hits you with a +0 club.
You barely miss the kobold.
The kobold is moderately wounded.
The kobold hits you but does no damage.
You barely miss the kobold. The kobold hits you with a +0 club.
You hit the kobold.
You kill the kobold!
d - a throwing net
Things that are here:
a +0 club; 4 stones; a kobold corpse
Things that are here:
a +0 vampiric spear; a gnoll corpse
Things that are here:
a +0 dagger; a bat corpse
There is a staircase leading out of the dungeon here.
Are you sure you want to leave the Dungeon?
This will make you lose the game!
You have escaped!

### ######@######
.#######)))........#
........#'####'####+#
..#.......$#...####.##
...........#..##.....#
......#......##.....#
#...(#..#..........#
#.#.....##.#.......# .
##.......###.....#


There were no monsters in sight!

Vanquished Creatures
  A gnoll (D:1)
  A bat (D:1)
  A ball python (D:1)
  2 kobolds (D:1)
  A rat (D:1)
6 creatures vanquished.

Notes
Turn   | Place    | Note
-------+----------+-------------------------------------------
     0 | D:1      | Demosthentine the Demonspawn Gladiator began the quest for
                  | the Orb.
     0 | D:1      | Reached XP level 1. HP: 16/16 MP: 1/1
    54 | D:1      | Gained mutation: You have sharp fingernails. [demonic
                  | ancestry]
    54 | D:1      | Reached XP level 2. HP: 14/22 MP: 2/2
    70 | D:$      | Got out of the dungeon alive.

Illustrated notes

Levels and vault maps discovered:
D:1:      minmay_arrival_three_doors, layout_rooms, dk_noncrumbling_4,
          minmay_crystal_water, kennysheep_flooded_box, minivault_27,
          dreamdust_wishing_well

Action                     || total
---------------------------++-------
  Melee: Trident           ||    18
  Throw: Throwing net      ||     3
   Stab: Sleeping          ||     1
 Armour: Leather armour    ||    17
  Dodge: Dodged            ||    32

Table legend: (Time is in decaauts)
 A = Elapsed time spent in this place.
 B = Non-inter-level travel time spent in this place.
 C = Inter-level travel time spent in this place.
 D = Time resting spent in this place.
 E = Time spent auto-exploring this place.
 F = Levels seen in this place.
 G = Mean time per level.
                   A        B        C        D        E       F      G
               +--------+--------+--------+--------+--------+-----+--------+
         Total |     72 |     72 |      0 |      0 |     14 |   1 |   72.0 |
       Dungeon |     72 |     72 |      0 |      0 |     14 |   1 |   72.0 |
               +--------+--------+--------+--------+--------+-----+--------+

Top non-repeatable levels by time:
     D:1: 72 daAuts
